 Dungeon Crawl Stone Soup version 0.19-a0-1268-g6c5d9f8 (webtiles) character file.

11 Amnesiac the Chucker (level 2, 0/28 HPs)
             Began as an Ogre Arcane Marksman on Aug 29, 2016.
             Slain by a kobold
             ... wielding a +0 short sword
              (3 damage)
             ... on level 1 of the Dungeon.
             The game lasted 00:00:58 (456 turns).

Amnesiac the Chucker (Ogre Arcane Marksman)          Turns: 456, Time: 00:00:59

Health: 0/28       AC:  3    Str: 15    XL:     2   Next: 25%
Magic:  2/3        EV: 10    Int: 12    God:
Gold:   4          SH:  0    Dex:  9    Spells: 1 memorised, 2 levels left

rFire  . . .     SeeInvis .     e - +0 club
rCold  . . .     Gourm    .     a - +0 robe
rNeg   . . .     Faith    .     (no shield)
rPois  .         Spirit   .     (helmet restricted)
rElec  .         Dismiss  .     (no cloak)
rCorr  .         Reflect  .     (gloves unavailable)
MR     .....     Harm     .     (boots unavailable)
Stlth  +.........               (no amulet)
                                (no ring)
                                (no ring)

@: no status effects
A: unfitting armour, tough skin 1
a: no special abilities


You were on level 1 of the Dungeon.
You were not hungry.

You visited 1 branch of the dungeon, and saw 1 of its levels.

You collected 4 gold pieces.

Inventory:

Hand Weapons
 e - a +0 club (weapon)
Missiles
 c - a large rock (quivered)
 d - 2 throwing nets
Armour
 a - a +0 robe (worn)
Potions
 h - 2 potions of heal wounds {unknown}
Books
 b - a book of Debilitation

   Spells                             Type                      Level
   a - Corona                         Hexes                        1
   b - Slow                           Hexes                        2
   c - Gell's Gravitas                Hexes/Translocation          3
   d - Inner Flame                    Hexes/Fire                   3
   e - Cause Fear                     Hexes                        4
   f - Leda's Liquefaction            Hexes/Earth                  4
Comestibles
 f - a bread ration
 g - a chunk of flesh


   Skills:
 - Level 2.0 Fighting
 + Level 1.5 Maces & Flails
 - Level 2.2 Throwing
 - Level 1.7 Dodging
 - Level 1.2 Spellcasting
 - Level 2.1 Hexes


You had 2 spell levels left.
You knew the following spells:

 Your Spells              Type           Power        Failure   Level  Hunger
f - Corona                Hex            #......      14%         1    ##.....


Dungeon Overview and Level Annotations

Branches:
Dungeon (1/15)

Altars:


Innate Abilities, Weirdness & Mutations

You are too large for most types of armour.
You have tough skin. (AC +1)


Message History

Throwing (i - inventory. (,) - cycle):
c - 3 large rocks (quivered)
Press: ? - help, Shift-Dir - straight line, f/p - kobold
Aim: a kobold, wielding a short sword You throw a large rock.
The large rock closely misses the kobold.
The kobold hits you with a short sword. The kobold misses you.
Throwing (i - inventory. (,) - cycle):
c - 2 large rocks (quivered)
Press: ? - help, Shift-Dir - straight line, f/p - kobold
Aim: a kobold, wielding a short sword You throw a large rock.
The large rock closely misses the kobold.
The kobold hits you with a short sword. The kobold hits you with a short sword!
* * * LOW HITPOINT WARNING * * *
Casting: Corona
Confirm with . or Enter, or press ? or * to list all spells.
Aiming: Corona
Press: ? - help, Shift-Dir - straight line, f/p - kobold
Aim: a kobold, wielding a short sword (chance to defeat MR: 78%)
The kobold is outlined in light.
The kobold hits you with a short sword.
You die...

+..<..+.#.#.'.'.# ...#.
#.....#.#.#.###.#### #...#
#.....#.#.#.#......# #.#.##
###+###.#.#.#...(..###.#..#
.#. #.#.............####
#.#..#########......
..#..#### #.###..
####.....######......
#(.K@###......#......
.......................#
...[#############......#
.## #......# #......#
#.###### #.# # ####.######
#........##


You could see a kobold.

Vanquished Creatures
  A goblin (D:1)
  3 hobgoblins (D:1)
  3 jackals (D:1)
  A bat (D:1)
  A giant newt (D:1)
9 creatures vanquished.

Notes
Turn   | Place    | Note
-------+----------+-------------------------------------------
     0 | D:1      | Amnesiac the Ogre Arcane Marksman began the quest for the Orb.
     0 | D:1      | Reached XP level 1. HP: 19/19 MP: 2/2
    86 | D:1      | Reached skill level 1 in Maces & Flails
   233 | D:1      | Reached XP level 2. HP: 18/28 MP: 3/3
   456 | D:1      | Slain by a kobold

Vault maps used:
D:1:      matt_arrival_los_fun, minivault_23

Skill      XL: |  1 |
---------------+----+-----
Maces & Flails | 1 |  1.5
Fighting       | 2 |  2.0
Throwing       | |  2.2
Dodging        | |  1.7
Spellcasting   | |  1.2
Hexes          | |  2.1

Action                   || total
-------------------------++-------
Melee: Club              ||    38
       Unarmed           ||     2
Throw: Large rock        ||     6
 Cast: Corona            ||     2
Armor: Robe              ||    13
Dodge: Dodged            ||    30
